 Dungeon Crawl Stone Soup version 0.31.0-9-g3a7656b989 (webtiles) character file.

Game seed: 11442657832692260306

45 qw the Shooter (level 3, -1/20 HPs)
             Began as a Deep Elf Hunter on Feb 2, 2024.
             Killed from afar by a hobgoblin (9 damage)
             ... with a puff of flame
             ... on level 2 of the Dungeon.
             The game lasted 00:00:03 (927 turns).

qw the Shooter (Deep Elf Hunter)                     Turns: 927, Time: 00:00:03

Health: -1/20      AC:  7    Str: 10    XL:     3   Next: 42%
Magic:  5/5        EV:  9    Int: 13    God:
Gold:   71         SH:  0    Dex: 18    Spells: 2/2 levels left

rFire   . . .        a - +0 shortbow
rCold   . . .        (shield currently unavailable)
rNeg    . . .        i - +0 scale mail
rPois   .            (no helmet)
rElec   .            f - +0 cloak
rCorr   .            (no gloves)
SInv    .            (no boots)
Will    .....        (no amulet)
Stlth   +            (no ring)
HPRegen 0.23/turn    (no ring)
MPRegen 0.09/turn

%: no passive effects
@: no status effects
A: no striking features
a: no special abilities


You were on level 2 of the Dungeon.
You visited 1 branch of the dungeon, and saw 2 of its levels.

You collected 71 gold pieces.


   Skills:
 - Level 1.5 Fighting
 + Level 7.0 Ranged Weapons
 - Level 2.4 Dodging
 - Level 1.2 Stealth


You had 2 spell levels left.
You didn't know any spells.
Your spell library was empty.

Inventory:

Hand Weapons
 a - a +0 shortbow (weapon)
Armour
 f - a +0 cloak (worn)
 i - a +0 scale mail (worn)
Scrolls
 b - a scroll of revelation {unknown}
 e - a scroll of identify
 g - a scroll of torment {unknown}
Potions
 c - 2 potions of might {unknown}
 d - a potion of heal wounds
 h - a potion of mutation
 j - a potion of curing

Dungeon Overview and Level Annotations

Branches:
Dungeon (2/15)

Altars:

Shops:
D:1 *


Message History

There is an open door here.
Things that are here:
a +0 club; 4 stones
g - a scroll labelled JEFAIN CEV
There is an open door here.
Found 6 stones.
An adder comes into view.
The adder hisses angrily.
You shoot an arrow.
The arrow hits the adder but does no damage.
You shoot an arrow. The arrow misses the adder.
The adder bites you.
You are poisoned.
The adder poisons you!
You shoot an arrow. The arrow misses the adder.
You feel sick. The adder bites you. The adder barely misses you.
You shoot an arrow. The arrow hits the adder.
The adder is moderately wounded.
You feel sick. The adder bites you.
You shoot an arrow. The arrow misses the adder.
You feel sick. The adder barely misses you.
The adder bites you but does no damage.
You shoot an arrow. The arrow hits the adder!
You kill the adder!
You feel sick.
You are no longer poisoned.
Your Ranged Weapons skill increases to level 7!
You start resting.
A hobgoblin comes into view.
It is wearing a +1 robe of cold resistance and carrying a wand of flame.
You shoot an arrow. The arrow barely misses the hobgoblin.
The hobgoblin shouts!
You shoot an arrow.
The arrow hits the hobgoblin but does no damage.
The hobgoblin zaps a wand.
The puff of flame misses you.
You shoot an arrow. The arrow barely misses the hobgoblin.
The hobgoblin closely misses you.
You shoot an arrow. The arrow barely misses the hobgoblin.
The hobgoblin zaps a wand.
The puff of flame hits you.
The hobgoblin zaps a wand.
The puff of flame hits you!
You die...

##
##.########
#...(......
### #.@##
...##g..##
###.#.....#
.........##
###.#...##
#.#...#
#.....#
###.#'##
#....##


You could see a hobgoblin.

Vanquished Creatures
  An adder (D:2)
  2 adder zombies (D:2)
  A dart slug (D:1)
  6 ball pythons
  4 bats
  5 endoplasms (D:1)
  A giant cockroach (D:1)
  A ball python skeleton (D:2)
  A frilled lizard (D:2)
  A goblin (D:1)
  3 kobolds
  4 rats (D:1)
30 creatures vanquished.

Notes
Turn   | Place    | Note
-------+----------+-------------------------------------------
     0 | D:1      | qw the Deep Elf Hunter began the quest for the Orb.
     0 | D:1      | Reached XP level 1. HP: 12/12 MP: 3/3
     0 | D:1      | 0 ||| qw: Version: 0.3-a-155-g5e7d8dd
     0 | D:1      | 0 ||| qw: Game counter: 1227
     0 | D:1      | 0 ||| qw: Melee chars always use a shield: true
     0 | D:1      | 0 ||| qw: God list: Okawaru
     0 | D:1      | 0 ||| qw: Allow faded altars: false
     0 | D:1      | 0 ||| qw: Do Orc after clearing Dungeon:15 true
     0 | D:1      | 0 ||| qw: Do second Lair branch before Depths: true
     0 | D:1      | 0 ||| qw: Lair rune preference: random
     0 | D:1      | 0 ||| qw: Goals: Normal
     0 | D:1      | 0 ||| PLANNING D:1-11
    91 | D:1      | Reached XP level 2. HP: 16/16 MP: 4/4
   109 | D:1      | Reached skill level 6 in Ranged Weapons
   209 | D:1      | Found Ypnirch's General Store.
   224 | D:1      | 224 ||| SHOPLISTING scroll of identify (22 gold, have 17).
   568 | D:1      | 568 ||| UPGRADING to +0 cloak.
   573 | D:1      | 573 ||| UPGRADING to +0 scale mail.
   583 | D:1      | 583 ||| DROPPING +0 leather armour.
   584 | D:1      | 584 ||| READING 2 scrolls labelled CACIENTAIFA.
   584 | D:1      | 584 ||| IDENTIFYING red potion
   585 | D:1      | 585 ||| READING scroll of identify.
   585 | D:1      | 585 ||| IDENTIFYING brown potion
   586 | D:1      | 586 ||| READING scroll labelled MOUJIUVOFEKK.
   587 | D:1      | 587 ||| DRINKING 2 sedimented silvery potions.
   588 | D:1      | 588 ||| DROPPING scroll of butterflies.
   708 | D:2      | Reached XP level 3. HP: 19/20 MP: 5/5
   921 | D:2      | Reached skill level 7 in Ranged Weapons
   927 | D:2      | Killed from afar by a hobgoblin

Levels and vault maps discovered:
D:1:      lightli_arrival_windingriver, layout_rooms, serial_shops,
          nicolae_shop_tiny_waterfront
D:2:      layout_loops_corners, serial_undead, serial_undead_a, serial_undead_c,
          serial_undead_b, serial_undead_b, serial_undead_a, uniq_robin,
          uniq_crazy_yiuf_cottage

Skill      XL: |  1  2  3 |
---------------+----------+-----
Ranged Weapons | 6 7 |  7.0
Fighting       | |  1.5
Dodging        | |  2.4
Stealth        | |  1.2

Action                     || total
---------------------------++-------
   Fire: Shortbow          ||    76
    Use: Scroll            ||     3
         Potion            ||     1
 Armour: Scale mail        ||    11
  Dodge: Dodged            ||    12

Table legend:
 A = Non-vault XP
 B = Vault XP
 C = Vault XP percentage of total XP
 D = Non-vault monster count
 E = Vault monster count
 F = Vault count percentage of total count
                 A         B        C        D         E       F
            +---------+---------+-------+---------+---------+-------
      Total |      53 |      12 |  18.5 |      27 |       3 |  10.0
            +---------+---------+-------+---------+---------+-------
        D:1 |      34 |       0 |   0.0 |      22 |       0 |   0.0
        D:2 |      19 |      12 |  38.7 |       5 |       3 |  37.5
            +---------+---------+-------+---------+---------+-------
